 Dungeon Crawl Stone Soup version 0.28-a0-850-g09de17f5b5 (webtiles) character file.

Game seed: 13927835286231004180

143 bande the Shield-Bearer (level 5, -1/33 HPs)
             Began as a Gargoyle Fighter on Nov 13, 2021.
             Slain by Duvessa (4 damage)
             ... on level 4 of the Dungeon.
             The game lasted 00:04:52 (3277 turns).

bande the Shield-Bearer (Gargoyle Fighter)          Turns: 3277, Time: 00:04:52

Health: -1/33      AC: 13    Str: 21    XL:     5   Next: 25%
Magic:  5/5        EV:  7    Int:  8    God:
Gold:   166        SH:  5    Dex:  9    Spells: 4/4 levels left

rFire   . . .      SeeInvis .   a - +0 war axe
rCold   . . .      Faith    .   c - +1 buckler
rNeg    + . .      Spirit   .   h - +0 chain mail
rPois   ∞          Reflect  .   (no helmet)
rElec   +          Harm     .   (no cloak)
rCorr   .          Rampage  .   (no gloves)
Will    .....                   (no boots)
Stlth   ..........              (no amulet)
HPRegen 0.11/turn               (no ring)
MPRegen 0.09/turn               (no ring)

@: mighty
A: sickness immunity, AC +4, negative energy resistance 1, electricity
resistance, torment resistance 1, petrification resistance
a: no special abilities


You were on level 4 of the Dungeon.
You visited 1 branch of the dungeon, and saw 4 of its levels.

You collected 166 gold pieces.

Inventory:

Hand Weapons
 a - a +0 war axe (weapon)
Armour
 c - a +1 buckler (worn)
 h - a +0 chain mail (worn)
Potions
 b - a potion of curing
 d - 2 potions of might
 f - a potion of haste
 g - a potion of magic


   Skills:
 + Level 3.9 Fighting
 + Level 3.3 Axes
 + Level 4.1 Armour
 - Level 0.1 Stealth
 + Level 4.1 Shields


You had 4 spell levels left.
You didn't know any spells.
Your spell library contained the following spells:

 Spells                   Type           Power      Damage    Failure   Level
 Alistair's Intoxication  Tmut/Pois      0%         N/A       100%        5
 Borgnjor's Vile Clutch   Necr/Erth      0%         N/A       100%        5
 Eringya's Noxious Bog    Tmut/Pois      0%         N/A       100%        6


Dungeon Overview and Level Annotations

Branches:
Dungeon (4/15)
 Temple: D:4-7

Altars:
Cheibriados

Shops:
D:2 *

Annotations:
D:4 Dowan, Duvessa


Innate Abilities, Weirdness & Mutations

You are immune to sickness and miasma.
Your stone body is resilient. (AC +4)
You are immune to poison.
You resist negative energy. (rN+)
You are resistant to electric shocks. (rElec)
You are resistant to unholy torment.
You are immune to petrification.


Message History

No target in view!
Done exploring.
Done exploring.
There is a stone staircase leading down here.
You climb downwards.
You hear the hiss of flowing sand.
There is an entrance to an ossuary on this level.
Hurry and find it before the portal is buried!
Duvessa shouts!
Dowan shouts!
Found 14 gold pieces.
There is a stone staircase leading up here.
Dowan mumbles some strange words.
Dowan blinks!
You feel very mighty all of a sudden. Dowan casts a spell at you.
The puff of flame hits you.
Dowan casts a spell.
Dowan blinks!
You barely miss Duvessa.
Duvessa hits you with a +2 short sword of venom!
You slash Duvessa!
Duvessa is heavily wounded.
Duvessa hits you with a +2 short sword of venom.
You slash Duvessa!
Duvessa is severely wounded.
Duvessa hits you with a +2 short sword of venom.
Duvessa barely misses you.
You barely miss Duvessa.
Duvessa is severely wounded.
Duvessa hits you with a +2 short sword of venom!
You hit Duvessa.
Duvessa is almost dead.
Duvessa hits you with a +2 short sword of venom.
Duvessa hits you with a +2 short sword of venom!
* * * LOW HITPOINT WARNING * * *
Dowan hits you but does no damage.
You hit Dowan.
Dowan is lightly wounded.
You barely miss Duvessa.
Duvessa hits you with a +2 short sword of venom.
You die...

#. ##.#######
..........
#........#
#........#
#........#
#......e.#
#......@.+
+......e.####
#..$....<...#
#..........##
####.#+#....#
#. #....# #
#..### ....
#..##


You could see Duvessa and Dowan.

Vanquished Creatures
  An iguana (D:3)
  4 adders
  2 worms (D:3)
  An orc (D:3)
  A ball python (D:1)
  5 bats
  2 endoplasms
  3 giant cockroaches
  4 hobgoblins
  4 jackals (D:3)
  4 quokkas
  5 frilled lizards
  10 goblins
  8 kobolds
  26 rats
80 creatures vanquished.

Notes
Turn   | Place    | Note
-------+----------+-------------------------------------------
     0 | D:1      | bande the Gargoyle Fighter began the quest for the Orb.
     0 | D:1      | Reached XP level 1. HP: 14/14 MP: 1/1
   100 | D:1      | Found a faded altar of an unknown god.
   162 | D:1      | Reached XP level 2. HP: 19/19 MP: 2/2
   909 | D:2      | Reached XP level 3. HP: 19/23 MP: 3/3
  1522 | D:2      | Found Teuwomib's General Store.
  1567 | D:2      | Reached XP level 4. HP: 29/29 MP: 4/4
  2800 | D:3      | Found a snail-covered altar of Cheibriados.
  2856 | D:3      | Reached XP level 5. HP: 18/33 MP: 5/5
  2872 | D:3      | HP: 1/33 [worm (7)]
  3264 | D:4      | Noticed Duvessa
  3264 | D:4      | Noticed Dowan
  3277 | D:4      | Slain by Duvessa

Illustrated notes

Levels and vault maps discovered:
D:1:      elethiomel_arrival_shortcut, layout_basic,
          shapermc_ecumenical_altar_mp_ritualfount
D:2:      layout_rooms, serial_shops, shop, serial_glass, glass_columns_a,
          glass_columns_b, glass_columns_a, glass_columns_c, glass_columns_b,
          glass_columns_c, glass_columns_a, glass_columns_b, glass_columns_b,
          glass_columns_a, glass_columns_a, glass_columns_a, glass_columns_b,
          glass_columns_a, item_on_display_a, item_on_display_a,
          feat_on_display, minmay_strange_pillars, minmay_rat_hole
D:3:      layout_basic, marbit_many_paths, grunt_decor_resistance,
          minmay_pentangle
D:4:      layout_basic, nicolae_ru_the_path_less_chosen,
          nicolae_ossuary_entry_false_entrances, moated_statue, uniq_duvessa

Skill      XL: |  1  2  3  4 |
---------------+-------------+-----
Axes           | 2 3 |  3.3
Armour         | 4 |  4.1
Shields        | 4 |  4.1
Fighting       | |  3.9
Stealth        | |  0.1

Action                   |  1- 3 |  4- 6 || total
-------------------------+-------+-------++-------
Melee: War axe           |   116 |   107 ||   223
  Use: Scroll            |       |     7 ||     7
       Potion            |       |     1 ||     1
Armor: Scale mail        |    42 |       ||    42
       Chain mail        |    39 |    63 ||   102
Dodge: Dodged            |    46 |    41 ||    87
Block: Buckler           |    23 |    26 ||    49

Table legend: (Time is in decaauts)
 A = Elapsed time spent in this place.
 B = Non-inter-level travel time spent in this place.
 C = Inter-level travel time spent in this place.
 D = Time resting spent in this place.
 E = Time spent auto-exploring this place.
 F = Levels seen in this place.
 G = Mean time per level.
                   A        B        C        D        E       F      G
               +--------+--------+--------+--------+--------+-----+--------+
         Total |   3364 |   3131 |    233 |    471 |   2056 |   4 |  841.0 |
       Dungeon |   3364 |   3131 |    233 |    471 |   2056 |   4 |  841.0 |
               +--------+--------+--------+--------+--------+-----+--------+

Top non-repeatable levels by time:
     D:3: 1274 daAuts
     D:2: 1150 daAuts
     D:1: 924 daAuts
     D:4: 14 daAuts
